 Dungeon Crawl Stone Soup version 0.30-a0-170-g85af917532 (webtiles) character file.

Game seed: 11007838532262540613

3078 SNESdreamland the Spear-Bearer (level 9, 0/124 HPs)
             Began as a Minotaur Berserker on Aug 22, 2022.
             Was an Elder of Trog.
             Slain by a blink frog (12 damage)
             ... on level 8 of the Dungeon on Sept 30, 2022.
             The game lasted 00:40:41 (7125 turns).

SNESdreamland the Spear-Bearer (Minotaur Berserker) Turns: 7125, Time: 00:40:44

Health: 0/124      AC: 16    Str: 31    XL:     9   Next: 58%
Magic:  8/8        EV:  9    Int:  4    God:    Trog [****..]
Gold:   368        SH:  0    Dex: 16    Spells: 8/8 levels left

rFire   + . .      SeeInvis .    q - +5 scythe (freeze)
rCold   . . .      Faith    .    (shield currently unavailable)
rNeg    . . .      Spirit   .    l - +2 plate armour of Wu Jian's Castigation {Fly rElec rF+ Str+5}
rPois   .          Reflect  .    (helmet restricted)
rElec   +          Harm     .    (no cloak)
rCorr   .          Rampage  .    g - +1 pair of gloves
Will    .....                    (no boots)
Stlth   ..........               d - amulet of regeneration
HPRegen 1.10/turn                f - +6 ring of dexterity
MPRegen 0.11/turn                (no ring)

@: berserking, about to teleport, flying, very quick
A: horns 2, retaliatory headbutt
a: Renounce Religion, Berserk, Trog's Hand, Brothers in Arms


You were on level 8 of the Dungeon.
You worshipped Trog.
Trog was greatly pleased with you.
You visited 2 branches of the dungeon, and saw 9 of its levels.

You collected 368 gold pieces.

Inventory:

Hand Weapons
 a - a +0 hand axe
 q - a +5 scythe of freezing (weapon)
Armour
 g - a +1 pair of gloves (worn)
 l - the +2 plate armour of Wu Jian's Castigation (worn) {Fly rElec rF+ Str+5}
   (You found it on level 3 of the Dungeon)

   Str:       It affects your strength (+5).
   rF:        It protects you from fire.
   rElec:     It insulates you from electricity.
   Fly:       It grants you flight.
Jewellery
 d - an amulet of regeneration (around neck)
 f - a +6 ring of dexterity (left hand)
Wands
 h - a wand of roots (14)
 u - a wand of charming (2)
Scrolls
 b - a scroll of summoning {unknown}
 c - 4 scrolls of teleportation
 e - a scroll of acquirement {unknown}
 i - 5 scrolls of fear
 k - a scroll of magic mapping {unknown}
 o - a scroll of noise {unknown}
 t - a scroll of amnesia {unknown}
 w - a scroll of torment {unknown}
 x - 2 scrolls of identify
 y - a scroll of brand weapon {unknown}
Potions
 j - 2 potions of curing
 m - 2 potions of brilliance
 n - 5 potions of mutation
 p - a potion of lignification {unknown}
 r - a potion of cancellation {unknown}
 s - a potion of flight {unknown}
 v - a potion of attraction {unknown}
 z - a potion of invisibility {unknown}
 A - a potion of heal wounds {unknown}


   Skills:
 * Level 9.1 Fighting
 - Level 6.1(9.4) Axes
 * Level 11.0(11.7) Polearms
 + Level 6.0 Armour
 + Level 3.6 Dodging


You had 8 spell levels left.
You didn't know any spells.
Your spell library was empty.

Dungeon Overview and Level Annotations

Branches:
Dungeon (8/15)             Temple (0/1) D:5            Lair (1/5) D:8

Altars:
Cheibriados
Dithmenos
Hepliaklqana
Kikubaaqudgha
Nemelex Xobeh
Sif Muna

Annotations:
D:7 2 transporters


Innate Abilities, Weirdness & Mutations

You have a pair of horns on your head.
You reflexively headbutt those who attack you in melee.


Message History

You fly upwards.
Welcome back to the Dungeon!
There is a staircase to the Lair here.
You barely miss the blink frog. The blink frog hits you.
The blink frog barely misses you. x2; You furiously retaliate!
You headbutt the blink frog. The blink frog completely misses you.
The blink frog hits you but does no damage.
The blink frog barely misses you. The blink frog closely misses you.
The blink frog hits you.
You miss the blink frog.
The blink frog hits you. x2; The blink frog hits you!
The blink frog hits you but does no damage.
You hit the blink frog. You freeze the blink frog.
Your headbutt misses the blink frog.
The blink frog is lightly wounded.
The blink frog hits you! The blink frog closely misses you.
The blink frog hits you!
* * * LOW HITPOINT WARNING * * *
The blink frog blinks!
The blink frog hits you but does no damage.
As you read the scroll of teleportation, it crumbles to dust.
You feel strangely unstable.
The blink frog blinks!
The blink frog hits you but does no damage. x2
The blink frog blinks!
The blink frog hits you.
* * * LOW HITPOINT WARNING * * *
The blink frog hits you!
* * * LOW HITPOINT WARNING * * *
The blink frog hits you but does no damage. x2
Unknown command.
A red film seems to cover your vision as you go berserk!
You feel yourself moving faster!
You feel mighty! The blink frog hits you.
* * * LOW HITPOINT WARNING * * *
The blink frog closely misses you. You furiously retaliate!
You headbutt the blink frog!!
The blink frog hits you but does no damage. x2
You impale the blink frog!!
The blink frog seems to slow down.
You freeze the blink frog!
You kill the blink frog!
Trog accepts your kill.
The blink frog barely misses you. x2; You furiously retaliate!
You headbutt the blink frog! The blink frog hits you!
You die...

.##..........##
..............##
.##............###
.##.....####.....###
##....##.......P.##
#....#.......P..P#
.....#....P.....PP#
#####.....PPP.F.PPP#
###...PPPPF@.PP#


##PPPPPPP.FPP# ##PPPPPPPPP## ########### You could see 3 blink frogs.

Vanquished Creatures
  A komodo dragon (D:8)
  A blink frog (D:8)
  Sigmund (D:2)
  A steam dragon (D:7)
  Menkaure (D:4)
  2 water moccasins
  3 ice beasts
  A black bear (D:5)
  5 ogres
  2 bullfrogs (D:8)
  A necrophage (D:6)
  A scorpion (D:5)
  4 killer bees (D:7)
  5 howler monkeys
  A jelly (D:6)
  5 hounds
  2 orc priests
  2 iguanas
  Natasha (thrice) (D:2)
  9 orc wizards
  4 gnolls (D:5)
  5 adders
  2 shadow imps
  2 ufetubi
  A worm (D:2)
  28 orcs
  5 bats
  8 endoplasms
  6 giant cockroaches
  15 goblins
  4 hobgoblins
  2 jackals (D:4)
  8 quokkas
  5 ball pythons
  6 frilled lizards
  9 kobolds
  2 rats
163 creatures vanquished.

Vanquished Creatures (others)
  6 plants (D:8)
6 creatures vanquished.

Grand Total: 169 creatures vanquished

Notes
Turn   | Place    | Note
-------+----------+-------------------------------------------
     0 | D:1      | SNESdreamland the Minotaur Berserker began the quest for
                  | the Orb.
     0 | D:1      | Reached XP level 1. HP: 19/19 MP: 0/0
   388 | D:1      | Reached XP level 2. HP: 14/27 MP: 1/1
  1154 | D:1      | Reached XP level 3. HP: 34/34 MP: 2/2
  1429 | D:2      | Reached ** piety under Trog
  1457 | D:2      | Noticed Sigmund
  1851 | D:2      | Found a faded altar of an unknown god.
  2003 | D:3      | Reached skill level 5 in Fighting
  2044 | D:3      | Reached XP level 4. HP: 40/42 MP: 3/3
  2062 | D:3      | Reached XP level 5. HP: 9/50 MP: 4/4
  2365 | D:3      | Identified the +2 plate armour of Wu Jian's Castigation
                  | {Fly rElec rF+ Str+5}
  2961 | D:4      | Noticed Menkaure
  3154 | D:2      | Reached skill level 5 in Axes
  3232 | D:2      | Noticed Natasha
  3240 | D:2      | Killed Natasha
  3248 | D:2      | Reached *** piety under Trog
  3443 | D:2      | Noticed Natasha
  3448 | D:2      | Killed Natasha
  3497 | D:2      | Noticed Natasha
  3502 | D:2      | Killed Natasha
  3654 | D:2      | Killed Sigmund
  3655 | D:2      | Reached XP level 6. HP: 58/58 MP: 5/5
  3759 | D:4      | Killed Menkaure
  3760 | D:4      | Reached skill level 1 in Polearms
  3760 | D:4      | Reached XP level 7. HP: 66/66 MP: 6/6
  4376 | D:4      | Found a shadowy altar of Dithmenos.
  4464 | D:5      | Entered Level 5 of the Dungeon
  4507 | D:5      | Reached skill level 2 in Polearms
  4692 | D:5      | Reached skill level 3 in Polearms
  4747 | D:5      | Reached skill level 4 in Polearms
  4766 | D:5      | Found a staircase to the Ecumenical Temple.
  4785 | D:5      | Found a shimmering blue altar of Sif Muna.
  4786 | D:5      | Found a snail-covered altar of Cheibriados.
  5068 | D:6      | Reached XP level 8. HP: 74/74 MP: 7/7
  5072 | D:6      | Reached skill level 5 in Polearms
  5077 | D:5      | Upgraded the game from 0.30-a0-4-ga7cffc901d to
                  | 0.30-a0-170-g85af917532
  5204 | D:6      | Reached skill level 6 in Polearms
  5310 | D:6      | Reached **** piety under Trog
  5311 | D:6      | Reached skill level 5 in Armour
  5316 | D:6      | Reached skill level 7 in Polearms
  5355 | D:6      | Found a sparkling altar of Nemelex Xobeh.
  5531 | D:6      | Reached skill level 8 in Polearms
  5834 | D:7      | Found a hazy altar of Hepliaklqana.
  5949 | D:7      | Reached skill level 9 in Polearms
  5949 | D:7      | Reached XP level 9. HP: 82/82 MP: 8/8
  6077 | D:7      | Reached skill level 10 in Polearms
  6086 | D:7      | Found a transporter.
  6180 | D:7      | Found a transporter.
  6516 | D:8      | Found an ancient bone altar of Kikubaaqudgha.
  6848 | D:8      | Noticed a komodo dragon
  6849 | D:8      | Found a staircase to the Lair.
  6865 | D:8      | Killed a komodo dragon
  6866 | D:8      | Reached skill level 11 in Polearms
  6896 | Lair:1   | Entered Level 1 of the Lair of Beasts
  7117 | Lair:1   | Noticed a black mamba
  7125 | D:8      | Slain by a blink frog

Illustrated notes

Levels and vault maps discovered:
D:1:      roderic_crossed_star, layout_loops_ring, minmay_pentomino_s4
D:2:      layout_rooms, hellmonk_ecumenical_altar_defaced_shrine, uniq_sigmund,
          uniq_natasha
D:3:      layout_basic
D:4:      layout_gridville, lemuel_tele_altar, uniq_menkaure
D:5:      layout_rooms, mainiacjoe_overflow_big_doors,
          minmay_temple_entry_sparse_star, kennysheep_minor_cross
D:6:      layout_basic, mainiacjoe_overflow_alcove_4, minmay_ogre_servants
D:7:      gammafunk_cloud_chamber, layout_rooms, overflow_temple_1_default
D:8:      layout_basic, mainiacjoe_overflow_alcove_1, mainiacjoe_overflow_paths,
          david_lair_shrubbed
Lair:1:   layout_roguey [special_room_bee], nzn_random_ring

Skill      XL: |  1  2  3  4  5  6  7  8  9 |
---------------+----------------------------+-----
Fighting       | 4 5 6 7 8 9 |  9.1
Axes           | 4 6 |  6.1
Dodging        | 3 |  3.6
Armour         | 3 4 5 6 |  6.0
Polearms       | 1 4 9 11 | 11.0

Action                   |  1- 3 |  4- 6 |  7- 9 || total
-------------------------+-------+-------+-------++-------
Melee: Hand axe          |    91 |    59 |       ||   150
       Headbutt          |    13 |     9 |    29 ||    51
       Punch             |     1 |     2 |       ||     3
       Halberd           |       |     3 |   159 ||   162
Invok: Berserk           |       |     3 |     2 ||     5
  Use: Scroll            |       |       |     8 ||     8
 Stab: Sleeping          |     4 |       |       ||     4
Armor: Animal skin       |    13 |     2 |       ||    15
       Plate armour      |       |    34 |   125 ||   159
Dodge: Dodged            |    57 |    34 |    84 ||   175

Table legend: (Time is in decaauts)
 A = Elapsed time spent in this place.
 B = Non-inter-level travel time spent in this place.
 C = Inter-level travel time spent in this place.
 D = Time resting spent in this place.
 E = Time spent auto-exploring this place.
 F = Levels seen in this place.
 G = Mean time per level.
                   A        B        C        D        E       F      G
               +--------+--------+--------+--------+--------+-----+--------+
         Total |   7200 |   7085 |    115 |   1692 |   2883 |   9 |  800.0 |
       Dungeon |   7194 |   7079 |    115 |   1692 |   2883 |   8 |  899.2 |
          Lair |      5 |      5 |      0 |      0 |      0 |   1 |    5.0 |
               +--------+--------+--------+--------+--------+-----+--------+

Top non-repeatable levels by time:
     D:1: 1665 daAuts
     D:3: 1142 daAuts
     D:2: 914 daAuts
     D:4: 793 daAuts
     D:6: 747 daAuts
     D:7: 677 daAuts
     D:5: 635 daAuts
     D:8: 618 daAuts
  Lair:1: 5 daAuts
